AA CENTRAL
NORTHWEST ARKANSAS NATURALS @ ARKANSAS TRAVELERS
04/24/2042
 
TOP OF THE 1ST
Northwest Arkansas Naturals batting - Pitching for Arkansas Travelers : RHP António Ruíz
Pitching: RHP António Ruíz
Batting: RHB Marlon Whaley 0-0: Ball
1-0: Swinging Strike
1-1: Ball
2-1: Ball
3-1: SINGLE (Line Drive, 56D, EV 101.3 MPH)
Batting: SHB Jesús Catete 0-0: Fly out, F8 (Flyball, 8LD, EV 98.1 MPH)
Batting: RHB Cisco Gómez 0-0: Ball
1-0: Called Strike
Marlon Whaley steals 2nd base
1-1: Fly out, F7 (Flyball, 7D, EV 104.4 MPH)
Runner from 2nd tags up, SAFE at 3rd, no throw by LF
Batting: RHB Kevin Graves 0-0: Ball
1-0: Ball
2-0: Ball
3-0: Called Strike
3-1: Foul Ball, location: 3FF
3-2: SINGLE (Groundball, 4MD, EV 96.9 MPH)
Marlon Whaley scores
Batting: LHB Pete Barry 0-0: Called Strike
0-1: Called Strike
0-2: Strikes out looking
Top of the 1st over - 1 run, 2 hits, 0 errors, 1 left on base; Northwest Arkansas 1 - Arkansas 0
BOTTOM OF THE 1ST
Arkansas Travelers batting - Pitching for Northwest Arkansas Naturals : RHP Tony Clark
Pitching: RHP Tony Clark
Batting: LHB Edgar Vargo 0-0: Called Strike
0-1: Fly out, F8 (Flyball, 8RD, EV 101.3 MPH)
Batting: SHB Junior Garrett 0-0: Ground out 4-3 (Groundball, 4, EV 83.1 MPH)
Batting: LHB Brad McParland 0-0: Ball
1-0: Called Strike
1-1: Ball
2-1: Ball
3-1: Base on Balls
Batting: LHB Jim Norton 0-0: Called Strike
0-1: Ball
1-1: Swinging Strike
1-2: Strikes out looking
Bottom of the 1st over - 0 runs, 0 hits, 0 errors, 1 left on base; Northwest Arkansas 1 - Arkansas 0
TOP OF THE 2ND
Northwest Arkansas Naturals batting - Pitching for Arkansas Travelers : RHP António Ruíz
Batting: SHB Luis Ramírez 0-0: Called Strike
0-1: Fly out, F9 (Flyball, 9, EV 91.3 MPH)
Batting: LHB Sonny Pouliot 0-0: Ball
1-0: Ball
2-0: Called Strike
2-1: Swinging Strike
2-2: Ball
3-2: Base on Balls
Batting: RHB Teddy Salas 0-0: Called Strike
0-1: Ball
1-1: Called Strike
1-2: Ball
2-2: Ball
3-2: Foul Ball, location: 2F
3-2: Foul Ball, location: 2F
3-2: Fly out, F7 (Flyball, 78M, EV 88.8 MPH)
Batting: RHB Juan Vera 0-0: Called Strike
Sonny Pouliot steals 2nd base (no throw)
0-1: Fly out, F9 (Flyball, 9D, EV 88.1 MPH)
Top of the 2nd over - 0 runs, 0 hits, 0 errors, 1 left on base; Northwest Arkansas 1 - Arkansas 0
BOTTOM OF THE 2ND
Arkansas Travelers batting - Pitching for Northwest Arkansas Naturals : RHP Tony Clark
Batting: RHB Xavier López 0-0: Ball
1-0: Ball
2-0: Swinging Strike
2-1: Swinging Strike
2-2: Foul Ball, location: 9LSF
2-2: Foul Ball, location: 5DF
2-2: Strikes out looking
Batting: RHB Dave Davis 0-0: Called Strike
0-1: Ball
1-1: Ball
2-1: Ground out 3-1 (Groundball, 34, EV 98.8 MPH)
Batting: RHB Clarence Gedman 0-0: Ball
1-0: Ball
2-0: Called Strike
2-1: Foul Ball, location: 23F
2-2: Strikes out swinging
Bottom of the 2nd over - 0 runs, 0 hits, 0 errors, 0 left on base; Northwest Arkansas 1 - Arkansas 0
TOP OF THE 3RD
Northwest Arkansas Naturals batting - Pitching for Arkansas Travelers : RHP António Ruíz
Batting: RHB Marlon Whaley 0-0: Ball
1-0: SINGLE (Groundball, 6MD, EV 97.5 MPH)
Batting: SHB Jesús Catete 0-0: Called Strike
0-1: Ball
1-1: Swinging Strike
1-2: Ball
2-2: Ball
Marlon Whaley steals 2nd base
3-2: Base on Balls
Batting: RHB Cisco Gómez 0-0: Ball
1-0: Ball
2-0: Ball
3-0: Called Strike
3-1: Base on Balls
Marlon Whaley to third
Jesús Catete to second
Batting: RHB Kevin Graves 0-0: Foul Ball, location: 9LMF
0-1: Foul Ball, location: 2F
0-2: Strikes out looking
Batting: LHB Pete Barry 0-0: Ball
1-0: Ball
2-0: Ball
3-0: Base on Balls
Marlon Whaley scores
Jesús Catete to third
Cisco Gómez to second
Batting: SHB Luis Ramírez 0-0: Swinging Strike
0-1: Ball
1-1: Called Strike
1-2: Fly out, F8 (Flyball, 89D, EV 85.6 MPH)
Runner from 3rd tags up, SCORES, throw by CF
Cisco Gómez to third
Batting: LHB Sonny Pouliot 0-0: Called Strike
0-1: Foul Ball, location: 2F
0-2: Ball
1-2: Strikes out swinging
Top of the 3rd over - 2 runs, 1 hit, 0 errors, 2 left on base; Northwest Arkansas 3 - Arkansas 0
BOTTOM OF THE 3RD
Arkansas Travelers batting - Pitching for Northwest Arkansas Naturals : RHP Tony Clark
Batting: RHB Reggie Allen 0-0: Called Strike
0-1: Ball
1-1: Fly out, F7 (Flyball, 78D, EV 102.5 MPH)
Batting: RHB David Ayala 0-0: Ground out 5-3 (Groundball, 56, EV 107.5 MPH)
Batting: LHB Edgar Vargo 0-0: Ground out 4-3 (Groundball, 4, EV 89.4 MPH)
Bottom of the 3rd over - 0 runs, 0 hits, 0 errors, 0 left on base; Northwest Arkansas 3 - Arkansas 0
TOP OF THE 4TH
Northwest Arkansas Naturals batting - Pitching for Arkansas Travelers : RHP António Ruíz
Batting: RHB Teddy Salas 0-0: Fly out, F3 (Popup, 3F, EV 68.1 MPH)
Batting: RHB Juan Vera 0-0: Swinging Strike
0-1: Ground out 6-3 (Groundball, 6, EV 86.3 MPH)
Batting: RHB Marlon Whaley 0-0: Ball
1-0: Foul Ball, location: 25F
1-1: Foul Ball, location: 9LMF
1-2: Ball
2-2: Ball
3-2: DOUBLE (Groundball, 5L, EV 103.1 MPH)
Batting: SHB Jesús Catete 0-0: Called Strike
0-1: Ball
1-1: Reached on error, E3 (Groundball, 34S, EV 91.9 MPH)
Batting: RHB Cisco Gómez 0-0: SINGLE (Line Drive, 8RS, EV 105.6 MPH)
Marlon Whaley to third
Jesús Catete to second
Runner from 3rd tries for Home, SAFE, throw by CF to home
Jesús Catete to third
Cisco Gómez to second
Batting: RHB Kevin Graves 0-0: Called Strike
0-1: Foul Ball, location: 2F
0-2: Strikes out swinging
Top of the 4th over - 1 run, 2 hits, 1 error, 2 left on base; Northwest Arkansas 4 - Arkansas 0
BOTTOM OF THE 4TH
Arkansas Travelers batting - Pitching for Northwest Arkansas Naturals : RHP Tony Clark
Batting: SHB Junior Garrett 0-0: Ball
1-0: Foul Ball, location: 7LMFF
1-1: Foul Ball, location: 5F
1-2: Ball
2-2: Ground out 4-3 (Groundball, 4, EV 95.0 MPH)
Batting: LHB Brad McParland 0-0: Foul Ball, location: 7LMF
0-1: Ball
1-1: Ball
2-1: Ground out 6-3 (Groundball, 6, EV 84.4 MPH)
Batting: LHB Jim Norton 0-0: Ball
1-0: Ground out 6-3 (Groundball, P, EV 86.3 MPH)
Bottom of the 4th over - 0 runs, 0 hits, 0 errors, 0 left on base; Northwest Arkansas 4 - Arkansas 0
TOP OF THE 5TH
Northwest Arkansas Naturals batting - Pitching for Arkansas Travelers : RHP António Ruíz
Pitching: LHP Jim Unknown
Batting: LHB Pete Barry 0-0: Hit by Pitch
Batting: SHB Luis Ramírez 0-0: Ball
1-0: Called Strike
1-1: 2-RUN HOME RUN (Flyball, 89XD, EV 111.3 MPH), Distance : 416 ft
Batting: LHB Sonny Pouliot 0-0: Called Strike
0-1: Ball
1-1: Ball
2-1: Ball
3-1: Base on Balls
Batting: RHB Teddy Salas 0-0: Called Strike
0-1: Called Strike
0-2: Fly out, F7 (Flyball, 7D, EV 98.1 MPH)
Batting: RHB Juan Vera 0-0: Ball
1-0: Foul Ball, location: 9LDF
1-1: Called Strike
1-2: Ball
2-2: Ball
3-2: Base on Balls
Sonny Pouliot to second
Batting: RHB Marlon Whaley 0-0: Grounds into double play, 6-4-3 (Groundball, 6, EV 86.9 MPH)
Top of the 5th over - 2 runs, 1 hit, 0 errors, 1 left on base; Northwest Arkansas 6 - Arkansas 0
BOTTOM OF THE 5TH
Arkansas Travelers batting - Pitching for Northwest Arkansas Naturals : RHP Tony Clark
Batting: RHB Xavier López 0-0: SOLO HOME RUN (Flyball, 78XD, EV 108.8 MPH), Distance : 421 ft
Batting: RHB Dave Davis 0-0: Fly out, F4 (Popup, 34D, EV 68.8 MPH)
Batting: RHB Clarence Gedman 0-0: Called Strike
0-1: Foul Ball, location: 2F
0-2: Ball
1-2: Ball
2-2: Ball
3-2: Fly out, F7 (Flyball, 7D, EV 111.3 MPH)
Batting: RHB Reggie Allen 0-0: Ball
1-0: Fly out, F9 (Flyball, 9D, EV 86.3 MPH)
Bottom of the 5th over - 1 run, 1 hit, 0 errors, 0 left on base; Northwest Arkansas 6 - Arkansas 1
TOP OF THE 6TH
Northwest Arkansas Naturals batting - Pitching for Arkansas Travelers : LHP Jim Unknown
Batting: SHB Jesús Catete 0-0: Foul Ball, location: 9LSF
0-1: Foul Ball, location: 3SF
0-2: Ball
1-2: Foul Ball, location: 2F
1-2: DOUBLE (Line Drive, 89M, EV 87.5 MPH)
Batting: RHB Cisco Gómez 0-0: Ball
1-0: Ball
2-0: Ball
3-0: Called Strike
Balk!
Jesús Catete to third
3-1: Base on Balls
Batting: RHB Kevin Graves 0-0: Called Strike
0-1: Ball
1-1: Swinging Strike
1-2: Strikes out looking
Batting: LHB Pete Barry 0-0: Called Strike
0-1: Foul Ball, location: 2F
0-2: Ball
1-2: Ball
2-2: Fielders Choice at 2nd, 3-6 (Groundball, 3, EV 82.5 MPH)
Jesús Catete scores
Batting: SHB Luis Ramírez 0-0: Foul Ball, location: 2F
0-1: 2-RUN HOME RUN (Flyball, 78XD, EV 110.6 MPH), Distance : 426 ft
Pitching: LHP Jim Unknown
Batting: LHB Sonny Pouliot 0-0: Swinging Strike
0-1: Ball
1-1: Fly out, F9 (Flyball, 9, EV 85.6 MPH)
Top of the 6th over - 3 runs, 2 hits, 0 errors, 0 left on base; Northwest Arkansas 9 - Arkansas 1
BOTTOM OF THE 6TH
Arkansas Travelers batting - Pitching for Northwest Arkansas Naturals : RHP Tony Clark
Batting: RHB David Ayala 0-0: Ball
1-0: Called Strike
1-1: Ground out 6-3 (Groundball, 6, EV 81.9 MPH)
Batting: LHB Edgar Vargo 0-0: Called Strike
0-1: Ball
1-1: Ground out 4-3 (Groundball, 4, EV 103.1 MPH)
Batting: SHB Junior Garrett 0-0: Called Strike
0-1: Ball
1-1: Ball
2-1: SINGLE (Groundball, 56D, EV 100.6 MPH)
Batting: LHB Brad McParland 0-0: Ball
1-0: Foul Ball, location: 2F
1-1: Foul Ball, location: 9LDF
1-2: Ball
2-2: Fly out, F8 (Flyball, 8RM, EV 91.9 MPH)
Bottom of the 6th over - 0 runs, 1 hit, 0 errors, 1 left on base; Northwest Arkansas 9 - Arkansas 1
TOP OF THE 7TH
Northwest Arkansas Naturals batting - Pitching for Arkansas Travelers : LHP Jim Unknown
Batting: RHB Teddy Salas 0-0: Ball
1-0: Called Strike
1-1: Foul Ball, location: 5FF
1-2: DOUBLE (Flyball, 8LXD, EV 112.5 MPH)
Batting: RHB Juan Vera 0-0: Foul Ball, location: 5F
0-1: Ball
1-1: Ball
2-1: Swinging Strike
2-2: Fly out, F3 (Popup, 3, EV 75.6 MPH)
Pinch Hitting: SHB Juan Ramos 0-0: Ball
1-0: Ball
2-0: Called Strike
2-1: Ball
3-1: Base on Balls
Batting: SHB Jesús Catete 0-0: SINGLE (Line Drive, 89M, EV 98.1 MPH)
Teddy Salas to third
Juan Ramos to second
Pinch Hitting: RHB Pat Gregory 0-0: Ball
1-0: Grounds into double play, 5-2-3 (Groundball, 56S, EV 88.8 MPH)
Top of the 7th over - 0 runs, 2 hits, 0 errors, 2 left on base; Northwest Arkansas 9 - Arkansas 1
BOTTOM OF THE 7TH
Arkansas Travelers batting - Pitching for Northwest Arkansas Naturals : RHP Tony Clark
Now at 1B: Pat Gregory
Now in RF: Juan Ramos
Batting: LHB Jim Norton 0-0: Foul Ball, location: 2F
0-1: Ball
1-1: Called Strike
1-2: Strikes out swinging
Pinch Hitting: RHB Jim Unknown 0-0: Ball
1-0: Foul Ball, location: 7LMF
1-1: Ball
2-1: Ball
3-1: Base on Balls
Pitching: RHP Chris Sellers
Batting: RHB Dave Davis 0-0: Ball
1-0: Called Strike
1-1: Ball
2-1: Called Strike
Jim Unknown steals 2nd base (no throw)
2-2: SINGLE (Groundball, 4, EV 102.5 MPH) (infield hit)
Jim Unknown to third
Batting: RHB Clarence Gedman 0-0: Ball
1-0: Ball
2-0: Ball
3-0: Called Strike
3-1: Called Strike
3-2: Base on Balls
Dave Davis to second
Batting: RHB Reggie Allen 0-0: Ball
1-0: Called Strike
1-1: Foul Ball, location: 2F
1-2: Ball
2-2: Strikes out swinging
Pinch Hitting: LHB José Barrón 0-0: Fly out, F9 (Line Drive, 9, EV 105.6 MPH)
Bottom of the 7th over - 0 runs, 1 hit, 0 errors, 3 left on base; Northwest Arkansas 9 - Arkansas 1
TOP OF THE 8TH
Northwest Arkansas Naturals batting - Pitching for Arkansas Travelers : LHP Jim Unknown
Now at 2B: Junior Garrett
Now at 3B: Jim Unknown
Now in RF: José Barrón
Batting: RHB Kevin Graves 0-0: SINGLE (Groundball, 34, EV 79.4 MPH)
Batting: LHB Pete Barry 0-0: Foul Ball, location: 2F
0-1: Foul Ball, location: 2F
0-2: Foul Ball, location: 2F
0-2: Foul Ball, location: 23F
0-2: Ground out 6-3 (Groundball, 6M, EV 91.3 MPH)
Kevin Graves to second
Batting: SHB Luis Ramírez 0-0: Ball
1-0: Ball
2-0: Foul Ball, location: 9LMF
2-1: Ball
3-1: Base on Balls
Batting: LHB Sonny Pouliot 0-0: SINGLE (Groundball, 34D, EV 100.6 MPH)
Kevin Graves to third
Luis Ramírez to second
Runner from 3rd tries for Home, throw by RF and OUT! 9-2
Batting: RHB Teddy Salas 0-0: Ball
1-0: Called Strike
1-1: Called Strike
1-2: Strikes out swinging
Top of the 8th over - 0 runs, 2 hits, 0 errors, 2 left on base; Northwest Arkansas 9 - Arkansas 1
BOTTOM OF THE 8TH
Arkansas Travelers batting - Pitching for Northwest Arkansas Naturals : RHP Chris Sellers
Batting: LHB Edgar Vargo 0-0: Ball
1-0: Ball
2-0: Ball
3-0: Base on Balls
Batting: SHB Junior Garrett 0-0: Called Strike
0-1: Called Strike
0-2: Ball
1-2: Ball
2-2: Strikes out swinging
Batting: LHB Brad McParland 0-0: Called Strike
0-1: Ball
1-1: Foul Ball, location: 7LSF
1-2: Strikes out looking
Batting: LHB Jim Norton 0-0: Ball
1-0: Called Strike
1-1: Foul Ball, location: 23F
1-2: Strikes out swinging
Bottom of the 8th over - 0 runs, 0 hits, 0 errors, 1 left on base; Northwest Arkansas 9 - Arkansas 1
TOP OF THE 9TH
Northwest Arkansas Naturals batting - Pitching for Arkansas Travelers : LHP Jim Unknown
Batting: RHB Juan Vera 0-0: Ball
1-0: Ball
2-0: Called Strike
2-1: Ground out 3-1 (Groundball, 34, EV 84.4 MPH)
Batting: SHB Juan Ramos 0-0: Ball
1-0: Ball
2-0: Ball
3-0: Base on Balls
Pitching: RHP Jim Unknown
Batting: SHB Jesús Catete 0-0: Called Strike
0-1: Ball
1-1: Ball
2-1: Swinging Strike
2-2: Ball
3-2: Base on Balls
Juan Ramos to second
Pinch Hitting: RHB Juan Ramos 0-0: Fly out, F9 (Flyball, 9, EV 90.0 MPH)
Batting: RHB Kevin Graves 0-0: Called Strike
0-1: SINGLE (Line Drive, 4D, EV 95.0 MPH)
Juan Ramos to third
Jesús Catete to second
Runner from 3rd tries for Home, SAFE, throw by CF to home
Batting: LHB Pete Barry 0-0: Called Strike
0-1: Foul Ball, location: 5DF
0-2: Ball
1-2: Strikes out swinging
Top of the 9th over - 1 run, 1 hit, 0 errors, 2 left on base; Northwest Arkansas 10 - Arkansas 1
BOTTOM OF THE 9TH
Arkansas Travelers batting - Pitching for Northwest Arkansas Naturals : RHP Chris Sellers
Now at 1B: António Garduno
Batting: RHB Jim Unknown 0-0: Ball
1-0: Swinging Strike
1-1: Ground out 6-3 (Groundball, 6, EV 105.6 MPH)
Batting: RHB Dave Davis 0-0: Called Strike
0-1: Ground out 6-3 (Groundball, 6, EV 99.4 MPH)
Pinch Hitting: SHB Jim Unknown 0-0: SINGLE (Groundball, 6M, EV 68.1 MPH)
Batting: RHB Reggie Allen 0-0: Called Strike
0-1: Ground out 3-1 (Groundball, 34, EV 86.9 MPH)
Bottom of the 9th over - 0 runs, 1 hit, 0 errors, 1 left on base; Northwest Arkansas 10 - Arkansas 1
Friday, May 3rd , 2024 - OOTP Baseball 24.10 Build 82